 Dungeon Crawl Stone Soup version 0.28-a0-477-g0b43c73ce0 (webtiles) character file.

Game seed: 13053531062135873166

56 Dabor the Skirmisher (level 3, 0/37 HPs)
             Began as a Troll Berserker on Sept 17, 2021.
             Was a Believer of Trog.
             Killed from afar by an orc wizard (10 damage)
             ... with a puff of flame
             ... on level 3 of the Dungeon.
             The game lasted 00:02:10 (2055 turns).

Dabor the Skirmisher (Troll Berserker)              Turns: 2055, Time: 00:02:10

Health: 0/37       AC:  5    Str: 26    XL:     3   Next: 69%
Magic:  2/2        EV: 10    Int:  3    God:    Trog [**....]
Gold:   138        SH:  0    Dex:  9    Spells: 2/2 levels left

rFire   . . .      SeeInvis .   a - +0 hand axe
rCold   . . .      Faith    .   (no shield)
rNeg    . . .      Spirit   .   b - +1 animal skin
rPois   .          Reflect  .   (helmet restricted)
rElec   .          Harm     .   (no cloak)
rCorr   .          Rampage  .   (gloves unavailable)
Will    .....                   (boots unavailable)
Stlth   +.........              d - amulet of regeneration
HPRegen 2.12/turn               (no ring)
MPRegen 0.08/turn               (no ring)

@: confused
A: large, unfitting armour, claws 3, regeneration 1, shaggy fur 1, tough skin 1
a: Renounce Religion, Berserk, Trog's Hand


You were on level 3 of the Dungeon.
You worshipped Trog.
Trog was pleased with you.
You visited 1 branch of the dungeon, and saw 3 of its levels.

You collected 138 gold pieces.

Inventory:

Hand Weapons
 a - a +0 hand axe (weapon)
Armour
 b - a +1 animal skin (worn)
Jewellery
 d - an amulet of regeneration (around neck)
 e - an amulet of faith
 k - a ring of ice
Scrolls
 h - 2 scrolls of identify
 i - 2 scrolls of enchant armour
 l - a scroll of blinking {unknown}
Potions
 c - 3 potions of berserk rage
 f - a potion of curing {unknown}
 j - a potion of flight {unknown}


   Skills:
 + Level 3.0 Fighting
 + Level 3.0 Axes
 + Level 3.0 Dodging


You had 2 spell levels left.
You didn't know any spells.
Your spell library was empty.

Dungeon Overview and Level Annotations

Branches:
Dungeon (3/15)

Altars:


Innate Abilities, Weirdness & Mutations

You are too large for most types of armour.
You have claws for hands.
Your natural rate of healing is unusually fast.
You are covered in fur. (AC +1)
You have tough skin. (AC +1)


Message History

You hit the orc but do no damage.
The orc hits you from afar with a +0 trident.
The orc wizard barely misses you. The orc hits you with a +0 mace.
The orc barely misses you.
The orc wizard gestures wildly while chanting.
The orc wizard flickers and vanishes!
Deactivating autopickup; reactivate with Ctrl-A.
You miss something. You closely miss the orc.
The orc hits you but does no damage.
The orc hits you from afar with a +0 trident.
Something hits you.
You closely miss something. You barely miss the orc.
The orc closely misses you.
The orc hits you from afar with a +0 trident.
Something hits you but does no damage.
You closely miss something. You hit the orc. The orc barely misses you.
The orc hits you but does no damage. Something hits you.
The orc completely misses you.
You closely miss something. You hit the rat. You hit the orc but do no damage.
The rat bites you. The orc barely misses you.
You hear some strange, mumbled words.
Something tries to affect you, but you resist.
The orc hits you with a +0 mace.
You barely miss something. You hit the orc. You closely miss the rat.
The orc closely misses you. The rat bites you but does no damage.
Something hits you but does no damage. The orc closely misses you.
The orc hits you from afar with a +0 trident.
The rat bites you but does no damage.
You slash something! You closely miss the rat. You closely miss the orc.
You hear some strange, mumbled words.
You are confused.
The orc hits you with a +0 mace.
The rat twitches its whiskers.
The rat bites you.
* * * LOW HITPOINT WARNING * * *
The orc barely misses you.
You hear some strange, mumbled words.
A puff of flame appears from out of thin air!
The puff of flame hits you!
You die...

#.....# #.....###
........ #.....#
#.#.....# #...oo.
#.##{# #.#o@#
#.#.r# #.#..#
#.#..#
########.#..####.
.................#
.....#.......#.###
### #.#.#.#.#.#
#.......#.#.#


You could see 3 orcs and a rat.

Vanquished Creatures
  2 adders (D:2)
  A dart slug (D:1)
  A ball python (D:1)
  2 endoplasms
  A giant cockroach (D:2)
  3 goblins
  2 hobgoblins
  4 jackals (D:1)
  2 kobolds
  2 quokkas
  8 bats
  7 rats
  A bush (D:2)
36 creatures vanquished.

Vanquished Creatures (others)
  3 plants (D:2)
3 creatures vanquished.

Grand Total: 39 creatures vanquished

Notes
Turn   | Place    | Note
-------+----------+-------------------------------------------
     0 | D:1      | Dabor the Troll Berserker began the quest for the Orb.
     0 | D:1      | Reached XP level 1. HP: 22/22 MP: 0/0
   149 | D:1      | Reached XP level 2. HP: 29/29 MP: 1/1
   272 | D:1      | Reached ** piety under Trog
   788 | D:2      | Reached XP level 3. HP: 36/36 MP: 2/2
  2055 | D:3      | Killed from afar by an orc wizard

Illustrated notes

Levels and vault maps discovered:
D:1:      dpeg_arrival_round_c, layout_loops_ring,
          chequers_serial_rivers_small_b, hex_medium
D:2:      layout_loops_ring, serial_forest, infiniplex_forest_end_double,
          infiniplex_forest_split, infiniplex_forest_straight_4,
          infiniplex_forest_straight_3, infiniplex_forest_pool,
          infiniplex_forest_lined_3, infiniplex_forest_pool,
          kennysheep_nondescript, hex_large
D:3:      layout_loops_ring

Skill      XL: |  1  2  3 |
---------------+----------+-----
Fighting       | 3 |  3.0
Axes           | 3 |  3.0
Dodging        | 3 |  3.0

Action                   || total
-------------------------++-------
Melee: Hand axe          ||   329
Invok: Berserk           ||     2
  Use: Scroll            ||     3
 Stab: Sleeping          ||     1
Armor: Animal skin       ||    80
Dodge: Dodged            ||    98

Table legend: (Time is in decaauts)
 A = Elapsed time spent in this place.
 B = Non-inter-level travel time spent in this place.
 C = Inter-level travel time spent in this place.
 D = Time resting spent in this place.
 E = Time spent auto-exploring this place.
 F = Levels seen in this place.
 G = Mean time per level.
                   A        B        C        D        E       F      G
               +--------+--------+--------+--------+--------+-----+--------+
         Total |   2134 |   2077 |     57 |     89 |   1448 |   3 |  711.3 |
       Dungeon |   2134 |   2077 |     57 |     89 |   1448 |   3 |  711.3 |
               +--------+--------+--------+--------+--------+-----+--------+

Top non-repeatable levels by time:
     D:2: 1314 daAuts
     D:1: 727 daAuts
     D:3: 92 daAuts
